AoeStats
← BSHammer

Nomad

507891901Analyzed
3v3 RM · 13d ago on Sep 20, 2026· 41m 8s· 6 players
Game mode
Random Map
Map size
210×210
Population
200
Speed
Normal
Resources
Standard
Victory
Conquest
Starting age
Dark Age
Ending age
Imperial Age
RankedLock teamsTeams togetherTeam positionsShared explorationLock speedFull tech treeHidden civsTurbo modeCheats
Victory
Defeat
🇵🇪 Persians · Peru
1742
+10
🇵🇪 Celts · Peru
1707
+12
🇵🇪 Cumans · Peru
1689
+12
🇺🇸 Wei · United States
1642
-12
🇺🇸 Inca · United States
1624
-12
🇺🇸 Mongols · United States
1572
-10
Darwiz1233
10:48 Loom
13:08 Feudal Age
13:27 Double-Bit Axe
19:16 Castle Age
19:02 Horse Collar
20:39 Bow Saw
24:34 Town Watch
25:46 Wheelbarrow
25:38 Heavy Plow
26:11 Gold Mining
29:42 Ballistics
29:49 Fletching
29:57 Stone Mining
30:43 Gold Shaft Mining
31:03 Hand Cart
34:15 Imperial Age
32:53 Scale Barding Armor
33:37 Bloodlines
33:27 Husbandry
34:30 Chain Barding Armor
34:30 Kamandaran
34:22 Cavalier
36:11 Plate Barding Armor
35:47 Forging
38:26 Iron Casting
38:38 Guilds
38:30 Savar
40:33 Blast Furnace
40:15 Conscription
41:07 Citadels
41:59 Coinage
W_DPINT003
3:47 Loom
5:10 Loom
12:18 Feudal Age
12:56 Fishing Lines
14:19 Double-Bit Axe
21:57 Castle Age
20:57 Gold Mining
21:38 Horse Collar
21:49 Fishing Lines
22:51 Medium Warships
22:31 Fletching
23:12 Bow Saw
23:21 Bodkin Arrow
24:03 Pikeman
25:10 Horse Collar
29:35 Wheelbarrow
29:12 Heavy Plow
29:19 Stone Mining
35:14 Imperial Age
35:26 Scale Mail Armor
35:55 Forging
35:32 Arson
36:39 Chain Mail Armor
36:23 Capped Ram
37:28 Gambesons
38:46 Hand Cart
39:37 Plate Mail Armor
40:53 Iron Casting
Terror_PE
5:04 Loom
12:09 Feudal Age
13:38 Town Watch
17:02 Double-Bit Axe
19:36 Horse Collar
22:42 Castle Age
22:24 Fletching
22:28 Stone Mining
25:12 Bow Saw
26:22 Heavy Plow
28:06 Bodkin Arrow
28:47 Wheelbarrow
28:04 Gold Mining
29:57 Padded Archer Armor
31:26 Gold Shaft Mining
35:26 Imperial Age
33:45 Leather Archer Armor
34:52 Ballistics
37:41 Chemistry
36:33 Elite Kipchak
37:34 Conscription
38:25 Hand Cart
39:37 Two-Man Saw
39:12 Crop Rotation
41:20 Ring Archer Armor
koriko9397
5:18 Loom
13:58 Feudal Age
19:22 Castle Age
18:03 Gold Mining
17:56 Horse Collar
18:26 Double-Bit Axe
19:26 Forging
24:50 Bow Saw
25:41 Heavy Plow
27:47 Scale Barding Armor
28:57 Chain Barding Armor
29:37 Bloodlines
31:17 Iron Casting
34:47 Wheelbarrow
34:29 Husbandry
37:54 Imperial Age
35:11 Town Watch
36:34 Light Cavalry
38:09 Hand Cart
38:40 Hussar
40:31 Pikeman
41:11 Squires
BSHammer
4:48 Loom
13:30 Feudal Age
17:59 Forging
27:03 Castle Age
27:48 Fletching
29:25 Bodkin Arrow
30:42 Padded Archer Armor
34:42 Double-Bit Axe
Lucas Ducas
4:35 Loom
4:37 Loom
12:23 Feudal Age
13:13 Double-Bit Axe
13:36 Town Watch
13:45 Town Watch
16:54 Castle Age
14:54 Fishing Lines
17:41 Wheelbarrow
18:44 Bow Saw
18:38 Gillnets
20:40 Horse Collar
22:33 Heavy Plow
24:09 Hand Cart
24:47 Gold Mining
24:50 Stone Mining
26:43 Gold Shaft Mining
26:43 Medium Warships
31:16 Imperial Age
30:18 Andean Sling
31:09 Clinker Construction
31:38 Careening
32:22 Heavy Warships
32:25 Conscription
33:07 Chemistry
32:58 Crop Rotation
33:29 Dry Dock
33:50 Hoardings
34:10 Elite Skirmisher
34:53 Fletching
35:04 Padded Archer Armor
35:36 Siege Engineers
35:49 Bodkin Arrow
38:21 Bracer
38:21 Scale Mail Armor
38:38 Leather Archer Armor
38:51 Masonry
38:22 Treadmill Crane
38:55 Masonry
39:35 Guilds
39:38 Scale Mail Armor
39:40 Squires
39:25 Arson
40:02 Ballistics
41:16 Ring Archer Armor
41:02 Chain Mail Armor
Connection lost

Rejoining the realm…

Still unreachable

The connection could not be restored.

Session expired

The server has moved on; the page needs a fresh start.